 Dungeon Crawl Stone Soup version 0.24-a0-201-gf205589 (console) character file.

Game seed: 10609049543606692583

529 bli the Slasher (level 7, -8/54 HPs)
             Began as a Formicid Abyssal Knight on Mar 22, 2019.
             Was a Believer of Lugonu.
             Mangled by an ogre
             ... wielding a +0 giant club
              (15 damage)
             ... on level 4 of the Dungeon.
             The game lasted 00:15:39 (4984 turns).

bli the Slasher (Formicid Abyssal Knight)           Turns: 4984, Time: 00:15:41

Health: -8/54      AC:  6    Str: 16    XL:     7   Next: 48%
Magic:  8/8        EV: 12    Int: 12    God:    Lugonu [**....]
Gold:   231        SH:  4    Dex: 12    Spells: 6/6 levels left

rFire    . . .     SeeInvis +   n - +0 long sword
rCold    . . .     Gourm    .   k - +0 buckler
rNeg     . . .     Faith    .   p - +0 leather armour
rPois    .         Spirit   .   (helmet unavailable)
rElec    .         Reflect  .   t - +0 cloak
rCorr    .         Harm     .   (no gloves)
MR       .....                  q - +1 pair of boots
Stlth    +.........             (no amulet)
HPRegen  0.18/turn              (no ring)
MPRegen  0.11/turn              (no ring)

@: very slow
A: permanent stasis, dig shafts and tunnels, four strong arms, antennae 3
a: Dig, Shaft Self, Depart the Abyss, Bend Space, Renounce Religion


You were on level 4 of the Dungeon.
You worshipped Lugonu.
Lugonu was pleased with you.
You were not hungry.

You visited 1 branch of the dungeon, and saw 4 of its levels.
You visited the Abyss 1 time.

You collected 231 gold pieces.

Inventory:

Hand Weapons
 a - a +1 falchion
 b - a +0 hunting sling of freezing
 g - a +0 blowgun
 n - a +0 long sword (weapon)
 s - a +4 quarterstaff of chaos
Missiles
 e - 135 stones (quivered)
 i - 16 poisoned needles
Armour
 k - a +0 buckler (worn)
 p - a +0 leather armour (worn)
 q - a +1 pair of boots (worn)
 t - a +0 cloak (worn)
Wands
 j - a wand of digging (4)
Scrolls
 d - 5 scrolls of identify {unknown}
 h - 2 scrolls of teleportation {unknown}
 l - 4 scrolls of remove curse {unknown}
 m - a scroll of random uselessness {unknown}
 u - a scroll of fear {unknown}
Potions
 f - a potion of mutation {unknown}
 o - a potion of might
 r - a potion of brilliance {unknown}
 w - a potion of lignification {unknown}
Comestibles
 c - 13 rations
 v - 2 chunks of flesh


   Skills:
 + Level 4.0 Fighting
 + Level 6.1 Long Blades
 - Level 2.1 Armour
 * Level 3.1 Dodging
 * Level 2.3 Shields
 + Level 2.1 Invocations


You had 6 spell levels left.
You didn't know any spells.
Your spell library was empty.

Dungeon Overview and Level Annotations

Branches:
Dungeon (4/15)             Temple (0/1) D:4

Altars:
Cheibriados
Fedhas
Gozag
Nemelex Xobeh
Sif Muna
Uskayaw
Zin


Innate Abilities, Weirdness & Mutations

You cannot be hasted, slowed, berserked, paralysed or teleported.
You can dig through walls and to a lower floor.
Your four strong arms can wield two-handed weapons with a shield.
You have a pair of large antennae on your head. (SInv)


Message History

The centaur skeleton hits you but does no damage.
You slash the centaur skeleton!
You destroy the centaur skeleton!
Lugonu accepts your kill.
Your unstable footing causes you to fumble your attack.
The ogre closely misses you.
Your unstable footing causes you to fumble your attack.
The ogre hits you with a +0 giant club!
You barely miss the ogre. You block the ogre's attack.
You hit the ogre.
The ogre is lightly wounded.
The ogre hits you with a +0 giant club. The ogre hits you with a +0 giant club!
* * * LOW HITPOINT WARNING * * *
You hit the ogre.
The ogre is moderately wounded.
The ogre hits you with a +0 giant club!
* * * LOW HITPOINT WARNING * * *
The ogre hits you with a +0 giant club!
You die...

#.............##..........
##..#.........#...#.......
#####.#......############
##.......###≈≈≈≈≈≈≈≈≈≈#
#........≈≈≈≈≈≈#######≈
##.......##########≈≈≈≈
#####........#≈≈≈≈≈###
#...###########≈≈≈
#####≈≈≈### #≈≈#
###≈≈≈≈≈≈≈≈≈#####≈≈≈
#≈≈@O##.##≈≈≈≈≈≈≈≈≈#
#≈≈≈≈###...###≈≈≈#####
#...≈# ###.#≈≈≈≈## #..
#.### .###### .##. # ..
.... ... .... ... .# #...
# # ...> .#..


You could see an ogre.

Vanquished Creatures
  Edmund (D:4)
  A howler monkey (D:4)
  4 orc wizards
  Crazy Yiuf (D:4)
  A centaur skeleton (D:4)
  Ijyb (D:2)
  A worker ant (D:4)
  6 adders
  3 oozes (D:1)
  An adder skeleton (D:4)
  A dart slug (D:1)
  3 leopard geckos
  11 orcs
  3 giant cockroaches
  5 goblins
  9 hobgoblins
  4 quokkas
  6 bats
  9 frilled lizards
  6 kobolds
  A quokka zombie (D:3)
  7 rats
85 creatures vanquished.

Notes
Turn   | Place    | Note
-------+----------+-------------------------------------------
     0 | Abyss:1  | bli the Formicid Abyssal Knight began the quest for the
                  | Orb.
     0 | Abyss:1  | Reached XP level 1. HP: 18/18 MP: 2/2
   117 | Abyss:1  | Noticed a smoke demon
   154 | Abyss:1  | Noticed a neqoxec
   188 | Abyss:1  | Noticed a raiju
   192 | D:1      | Escaped the Abyss
   221 | D:1      | Reached skill level 1 in Dodging
   230 | D:1      | Reached XP level 2. HP: 15/24 MP: 3/3
   290 | D:1      | Reached * piety under Lugonu
   341 | D:1      | Reached XP level 3. HP: 19/29 MP: 4/4
   564 | D:1      | Reached skill level 3 in Long Blades
   973 | D:2      | Reached XP level 4. HP: 33/35 MP: 5/5
  1054 | D:2      | Found a blossoming altar of Fedhas.
  1538 | D:3      | Found a faded altar of an unknown god.
  1844 | D:3      | Noticed Ijyb
  2083 | D:3      | Reached XP level 5. HP: 26/41 MP: 6/6
  2479 | D:2      | Killed Ijyb
  2479 | D:2      | Reached skill level 4 in Long Blades
  2479 | D:2      | Reached skill level 1 in Shields
  2503 | D:3      | Reached ** piety under Lugonu
  3169 | D:3      | Reached XP level 6. HP: 13/47 MP: 7/7
  4000 | D:4      | Noticed a slave
  4000 | D:4      | Noticed a slave
  4000 | D:4      | Noticed a slave
  4100 | D:4      | Noticed Edmund
  4116 | D:4      | Killed Edmund
  4116 | D:4      | Reached skill level 5 in Long Blades
  4253 | D:4      | Reached XP level 7. HP: 34/53 MP: 8/8
  4424 | D:4      | Found a runed translucent door.
  4425 | D:4      | Noticed Crazy Yiuf
  4433 | D:4      | Killed Crazy Yiuf
  4555 | D:4      | Found a staircase to the Ecumenical Temple.
  4596 | D:4      | Reached skill level 6 in Long Blades
  4893 | D:4      | Found a hide-covered altar of Uskayaw.
  4893 | D:4      | Found a glowing silver altar of Zin.
  4893 | D:4      | Found a deep blue altar of Sif Muna.
  4893 | D:4      | Found a sparkling altar of Nemelex Xobeh.
  4900 | D:4      | Found an opulent altar of Gozag.
  4906 | D:4      | Found a snail-covered altar of Cheibriados.
  4984 | D:4      | Mangled by an ogre

Levels and vault maps discovered:
D:1:      tarquinn_simple_flora_water_d, layout_rooms, bh_walls_and_bars
D:2:      layout_loops_cross, fedhas_altar_fruit_tree
D:3:      layout_basic, chequers_ecumenical_altar_simple, uniq_ijyb
D:4:      layout_cave_pools, minmay_overflow_temple_hex, temple_doors_e,
          serial_rivers, chequers_serial_rivers_room_b,
          chequers_serial_rivers_small_a, chequers_serial_rivers_micro_b,
          chequers_serial_rivers_micro_a, chequers_serial_rivers_micro_b,
          chequers_serial_rivers_large_b, uniq_crazy_yiuf_cottage, uniq_edmund,
          uniq_pikel
Abyss:1

Skill      XL: |  1  2  3  4  5  6  7 |
---------------+----------------------+-----
Dodging        | 1 2 3 |  3.1
Long Blades    | 3 4 5 6 |  6.1
Shields        | 1 2 |  2.3
Fighting       | 4 |  4.0
Armour         | |  2.1
Invocations    | |  2.1

Action                   |  1- 3 |  4- 6 |  7- 9 || total
-------------------------+-------+-------+-------++-------
Melee: Falchion          |    77 |   215 |       ||   292
       Unarmed           |       |    17 |       ||    17
       Long sword        |       |    22 |    48 ||    70
Throw: Stone             |     1 |     1 |     1 ||     3
Invok: Depart the Abyss  |     1 |       |       ||     1
 Abil: Dig               |       |       |     5 ||     5
  Use: Potion            |       |     5 |       ||     5
  Eat: Chunk             |       |    11 |     3 ||    14
Armor: Leather armour    |    40 |    58 |    10 ||   108
Dodge: Dodged            |    59 |   151 |    21 ||   231
Block: Buckler           |     1 |    38 |    15 ||    54
       Rpst.: Falchion   |    18 |    46 |       ||    64
       Long sword        |       |     4 |     7 ||    11

Table legend:
 A = Non-vault XP
 B = Vault XP
 C = Vault XP percentage of total XP
 D = Non-vault monster count
 E = Vault monster count
 F = Vault count percentage of total count
                 A         B        C        D         E       F
            +---------+---------+-------+---------+---------+-------
      Total |     517 |     239 |  31.6 |      82 |       3 |   3.5
            +---------+---------+-------+---------+---------+-------
        D:1 |      61 |       0 |   0.0 |      27 |       0 |   0.0
        D:2 |      43 |      36 |  45.6 |      10 |       1 |   9.1
        D:3 |     155 |       0 |   0.0 |      29 |       0 |   0.0
        D:4 |     258 |     203 |  44.0 |      16 |       2 |  11.1
            +---------+---------+-------+---------+---------+-------
